Map: 애씨드 플랜트 - 래더

Players

SuperNova - Winner!

  • Race: Terran Terran
  • League: Grandmaster
  • Spawn Location: 5:00

FORTRESS

  • Race: Terran Terran
  • League: Master
  • Spawn Location: 11:00

VOD

Have the link to the VOD?

Description

Time

  • Played on: Oct. 16, 2018, 11:34 p.m.
  • Length: 11:37
Show
View Real Time Build Order
Export as new Build Order

SuperNova Terran - Winner!

Build Orders: Cyclone Opening, Reaper Expand 

Get SALT Encoding   

  12  0:01  SCV  
  13  0:13  SCV  
  14  0:17  Supply Depot  
  14  0:25  SCV  
  15  0:30  Refinery  
  15  0:38  SCV  
  16  0:45  Barracks  
  16  0:50  SCV  
  17  1:03  SCV  
  18  1:15  SCV  
  19  1:31  Orbital Command  
  19  1:32  Reaper  
  20  1:49  Command Center  
  20  1:57  SCV  
  20  2:00  Factory  
  21  2:07  Barracks Reactor  
  21  2:10  Refinery  
  21  2:12  SCV  
  22  2:19  Supply Depot  
  22  2:24  SCV  
  23  2:40  SCV  
  24  2:50  Cyclone  
  24  2:51  Hellion  
  29  2:52  SCV  
  30  3:00  Orbital Command  
  30  3:04  SCV  
  31  3:12  Cyclone  
  34  3:16  SCV  
  35  3:22  Cyclone  
  35  3:24  Supply Depot  
  35  3:26  SCV  
  39  3:29  SCV  
  40  3:39  SCV  
  40  3:41  SCV  
  42  3:45  Cyclone  
  45  3:51  SCV  
  45  3:52  Supply Depot  
  45  3:53  SCV  
  50  3:56  Cyclone  
  50  4:03  SCV  
  50  4:05  SCV  
  52  4:15  SCV  
  53  4:17  SCV  
  49  4:27  SCV  
  49  4:28  Cyclone  
  49  4:29  SCV  
  54  4:34  Barracks Reactor  
  54  4:39  SCV  
  54  4:41  SCV  
  54  4:42  Command Center  
  56  4:51  SCV  
  56  4:53  Refinery, SCV  
  56  4:56  Refinery  
  57  5:01  Supply Depot  
  57  5:03  SCV  
  57  5:06  SCV  
  59  5:15  SCV  
  60  5:22  Cyclone x2  
  60  5:24  Supply Depot  
  59  5:33  SCV  
  46  5:42  SCV  
  33  5:45  SCV  
  34  5:54  Cyclone x2, SCV  
  41  5:57  SCV  
  42  6:06  SCV  
  42  6:07  Barracks Tech Lab  
  42  6:09  SCV  
  42  6:10  Factory  
  45  6:18  SCV  
  45  6:21  SCV  
  45  6:23  Orbital Command  
  46  6:27  Cyclone  
  46  6:28  Cyclone  
  46  6:30  SCV  
  53  6:33  SCV  
  54  6:42  SCV  
  54  6:46  SCV, Starport  
  56  6:49  SCV  
  57  6:54  SCV, Barracks Reactor  
  57  6:58  SCV  
  59  7:01  Siege Tank, SCV  
  59  7:02  Hellion x2  
  59  7:07  SCV  
  68  7:10  SCV  
  68  7:13  SCV, Supply Depot  
  70  7:19  SCV  
  70  7:22  SCV  
  72  7:24  Cyclone  
  72  7:25  Cyclone, SCV  
  78  7:31  SCV  
  78  7:33  Siege Tank  
  78  7:34  SCV  
  73  7:38  SCV  
  52  7:47  SCV  
  52  7:51  SCV  
  26  8:07  SCV  
  27  8:14  SCV  
  25  8:21  SCV  
  25  8:26  Viking  
  28  8:28  SCV  
  28  8:33  SCV  
  30  8:36  Viking  
  30  8:40  SCV x2  
  34  8:45  SCV  
  35  8:52  SCV  
  35  8:55  Siege Tank  
  39  8:57  SCV  
  39  8:58  SCV  
  41  9:05  SCV  
  41  9:09  SCV  
  43  9:11  Hellion x2  
  43  9:13  SCV  
  43  9:17  SCV  
  49  9:21  SCV  
  49  9:22  Viking  
  52  9:25  SCV  
  52  9:29  Viking  
  55  9:35  Siege Tank  
  55  9:37  SCV  
  59  9:39  SCV  
  59  9:44  Armory  
  60  9:46  SCV  
  60  9:49  Liberator, SCV  
  60  9:52  SCV  
  63  9:53  Liberator  
  63  9:54  Hellion  
  63  9:57  Hellion  
  63  9:58  SCV  
  68  10:01  SCV  
  68  10:04  SCV  
  75  10:14  SCV  
  75  10:16  SCV  
  75  10:21  Siege Tank  
  80  10:26  Hellion  
  80  10:27  Hellion  
  60  10:48  Hellion  
  62  10:52  SCV x2  
  62  10:53  Siege Tank  
  67  11:02  SCV, Hellion  
  70  11:04  SCV  
  70  11:08  SCV  
  70  11:09  Hellion  
  68  11:21  SCV  
  68  11:24  SCV  
Show
View Real Time Build Order
Export as new Build Order

FORTRESS Terran 

Build Orders: 1/1/1, Cyclone Opening 

Get SALT Encoding   

  12  0:00  SCV  
  13  0:13  SCV  
  14  0:18  Supply Depot  
  14  0:25  SCV  
  14  0:28  Refinery  
  15  0:39  SCV  
  16  0:45  Barracks  
  16  0:52  SCV  
  17  1:04  SCV  
  18  1:16  SCV  
  19  1:32  Supply Depot  
  19  1:33  Orbital Command  
  19  1:34  Marine  
  19  1:35  Factory  
  19  1:39  Refinery  
  20  1:52  Marine  
  21  1:59  SCV  
  22  2:11  SCV  
  23  2:16  Barracks Reactor  
  23  2:19  Starport, Factory Tech Lab  
  23  2:27  SCV  
  24  2:39  Cyclone  
  24  2:42  Supply Depot  
  27  2:52  Marine  
  27  2:53  Marine  
  27  2:56  Medivac  
  31  3:07  Command Center  
  31  3:12  Marine x2  
  33  3:21  Siege Tank  
  36  3:31  Marine x2  
  38  3:37  Medivac  
  40  3:41  Supply Depot  
  40  3:49  Marine x2  
  42  4:05  Siege Tank  
  45  4:11  Marine x2  
  47  4:20  Medivac  
  49  4:32  Marine, Orbital Command  
  50  4:42  Marine  
  51  4:50  Marine  
  51  4:52  Orbital Command  
  52  4:58  Siege Tank  
  55  5:00  Medivac, Marine  
  58  5:11  Marine  
  58  5:13  SCV  
  60  5:25  SCV  
  52  5:38  Liberator  
  46  5:43  Marine x2  
  46  5:44  Siege Tank  
  48  5:50  SCV  
  48  5:51  SCV  
  53  6:01  Marine x2  
  53  6:02  SCV  
  53  6:03  SCV  
  57  6:14  SCV  
  57  6:18  Siege Tank  
  61  6:19  SCV, Marine x2  
  64  6:26  SCV  
  64  6:31  SCV  
  66  6:36  Marine x2  
  66  6:38  SCV  
  69  6:52  Siege Tank  
  72  6:54  Marine x2  
  74  7:03  Medivac  
  74  7:04  SCV x2  
  74  7:05  Refinery x2  
  78  7:08  Engineering Bay  
  78  7:10  Barracks  
  78  7:11  Barracks  
  78  7:17  Supply Depot  
  78  7:18  Supply Depot  
  78  7:19  Bunker  
  78  7:20  Marine x2  
  69  7:43  Marine x2  
  51  7:47  Siege Tank  
  24  8:13  SCV  
  24  8:16  Marine x2  
  24  8:17  Marine x2  
  24  8:19  Siege Tank  
  31  8:25  SCV  
  32  8:32  SCV  
  32  8:34  Marine x2  
  35  8:45  Marine x2  
  35  8:48  SCV x2  
  39  8:51  Marine  
  39  8:52  Marine  
  41  9:02  SCV x2  
  43  9:03  Marine x2  
  43  9:09  Marine  
  43  9:10  Siege Tank  
  43  9:14  Marine  
  47  9:21  SCV, Marine  
  49  9:24  SCV  
  49  9:25  Marine  
  51  9:33  Marine x2  
  51  9:35  SCV  
  54  9:40  Barracks Tech Lab  
  54  9:52  Marine x2  
  54  9:56  SCV  
  54  9:57  Bunker  
  57  10:01  Marine x2  
  57  10:05  Siege Tank  
  62  10:12  Marine x2  
  62  10:13  SCV  
  62  10:14  SCV  
  43  10:45  Marine x2  
  43  10:46  Marine x2  
  46  11:03  Marine x3  
  48  11:09  Marine  
Tags
 
Add a new tag
Caveats
  • Supply blocks, unpowered buildings, or Contaminate may cause inaccurate times.
  • Supply counts are checked every 10 seconds.